 Dungeon Crawl Stone Soup version 0.30-a0-1114-gd936c97349 (webtiles) character file.

Game seed: 5539311835632939794

1060 Hubris850 the Gouger (level 8, -3/32 HPs)
             Began as a Felid Transmuter on Apr 20, 2023.
             Was a Believer of Wu Jian.
             Killed from afar by an electric eel (11 damage)
             ... with a bolt of electricity
             ... on level 7 of the Dungeon.
             The game lasted 00:18:37 (5773 turns).

Hubris850 the Gouger (Felid Transmuter)             Turns: 5773, Time: 00:18:38

Health: -3/32      AC:  2    Str:  6    XL:     8   Next: 6%
Magic:  14/14      EV: 20    Int: 15    God:    Wu Jian [**....]
Gold:   357        SH:  0    Dex: 18    Spells: 3/13 levels left
                                        Lives:  0   Deaths: 2

rFire   . . .      SeeInvis +      - Unarmed
rCold   . . .      Faith    .    (shield unavailable)
rNeg    . . .      Spirit   .    (body armour unavailable)
rPois   .          Reflect  .    (helmet unavailable)
rElec   .          Rampage  .    (cloak unavailable)
rCorr   .                        (gloves unavailable)
Will    +....                    (boots unavailable)
Stlth   +++                      c - amulet of the acrobat
HPRegen 0.25/turn                b - +4 ring of slaying
MPRegen 0.14/turn                o - ring of flight

@: flying, quick
A: very small, claws 1, fangs 3, see invisible, speed 1, shaggy fur 2, stealthy
paws, no weapons or thrown items, no armour, multi-lived
a: Renounce Religion, Wall Jump


You were on level 7 of the Dungeon.
You worshipped Wu Jian.
Wu Jian was pleased with you.
You visited 2 branches of the dungeon, and saw 8 of its levels.

You collected 357 gold pieces.

Inventory:

Jewellery
 b - a +4 ring of slaying (left paw)
 c - an amulet of the acrobat (around neck)
 o - a ring of flight (right paw)
Wands
 i - a wand of charming (9)
 j - a wand of iceblast (8)
 l - a wand of mindburst (6)
Scrolls
 f - 3 scrolls of teleportation
 g - a scroll of blinking
 h - 2 scrolls of amnesia
 m - a scroll of torment {unknown}
 s - a scroll of brand weapon {unknown}
 w - a scroll of fear {unknown}
 x - a scroll of magic mapping {unknown}
Potions
 a - a potion of lignification
 d - a potion of haste
 e - a potion of berserk rage
 k - 3 potions of attraction
 n - a potion of ambrosia
 p - a potion of brilliance {unknown}
 q - a potion of cancellation {unknown}
 r - 3 potions of degeneration
 u - 4 potions of might {unknown}
 v - a potion of flight {unknown}


   Skills:
 - Level 1.0 Fighting
 - Level 6.0 Dodging
 - Level 6.0 Stealth
 - Level 8.0 Unarmed Combat
 + Level 3.4 Spellcasting
 - Level 2.0 Summonings
 - Level 2.0 Translocations
 + Level 4.0 Transmutations
 + Level 2.6 Ice Magic
 + Level 1.7 Air Magic
 - Level 2.0 Evocations


You had 3 spell levels left.
You knew the following spells:

 Your Spells              Type           Power      Damage    Failure   Level
a - Ice Form              Ice/Tmut       12%        N/A       43%         4
b - Wereblood             Tmut           14%        N/A       5%          2
c - Vhi's Electric Charg  Tloc/Air       16%        N/A       26%         3
d - Summon Small Mammal   Summ           32%        N/A       9%          1

Your spell library contained the following spells:

 Spells                   Type           Power      Damage    Failure   Level
 Beastly Appendage        Tmut           28%        N/A       3%          1
 Ensorcelled Hibernation  Hex/Ice        12%        N/A       17%         2
 Call Canine Familiar     Summ           8%         N/A       26%         3
 Spider Form              Tmut/Pois      8%         N/A       26%         3
 Summon Guardian Golem    Hex/Summ       5%         N/A       36%         3
 Mephitic Cloud           Conj/Pois/Air  4%         N/A       41%         3
 Blade Hands              Tmut           7%         N/A       69%         5
 Anguish                  Hex/Necr       1%         N/A       88%         4
 Arcjolt                  Conj/Air       2%         1d12      98%         5
 Iron Shot                Conj/Erth      1%         9d1       100%        6
 Animate Armour           Summ/Erth      Unusable   N/A       N/A         4

Dungeon Overview and Level Annotations

Branches:
Dungeon (7/15)             Temple (1/1) D:4

Altars:
Cheibriados
Elyvilon
Hepliaklqana
Kikubaaqudgha
Okawaru
Qazlal
Wu Jian

Shops:
D:1 [   D:3 [   D:5 *   D:6 *


Innate Abilities, Weirdness & Mutations

You have sharp claws.
You have razor-sharp teeth.
You have supernaturally acute eyesight. (SInv)
You cover ground quickly. (Speed+)
You are covered in thick fur. (AC +2)
Your paws help you pounce on unaware monsters.
You are incapable of wielding weapons or throwing items.
You cannot wear armour.
You gain extra lives every three experience levels.


Message History

The Council accepts your kill.
You can now perform airborne attacks.
Your Transmutations skill increases to level 4!
Welcome back to level 8!
Things that are here:
a +0 shortbow; a centaur corpse
Okay, then.
An electric eel comes into view.
Found a scroll labelled AMYLUPH JOJO.
Okay, then.
Found 13 gold pieces.
An electric eel comes into view.
The electric eel moves out of view.
A shadow imp comes into view.
You reach down and open the door.
There is an open door here.
You reach down and open the large door.
There is a large open door here.
An electric eel comes into view.
The helpless electric eel fails to defend itself.
You eviscerate the electric eel!!!
You kill the electric eel!
The Council accepts your kill.
Training target 2.0 for Summonings reached!
Your Summonings skill increases to level 2!
An electric eel comes into view.
The electric eel shoots out a bolt of lightning at you!
The bolt of electricity hits you.
The bolt of electricity hits the plant.
The plant begins to die.
The bolt of electricity hits the plant!
The electric eel shoots out a bolt of lightning at you!
The bolt of electricity hits you!
The bolt of electricity hits the plant!
The plant begins to die.
The bolt of electricity hits the plant!
The electric eel shoots out a bolt of lightning at you!
The bolt of electricity hits you!
* * * LOW HITPOINT WARNING * * *
You closely miss the electric eel. You closely miss the electric eel.
You bite the electric eel.
The electric eel is moderately wounded.
The electric eel shoots out a bolt of lightning at you!
The bolt of electricity hits you!
You die...

##P.P.~### ###~~~
##....~~~~## ##~~~~~
##.P..~~~~#.####.#~~~~
#PP..~######....######
#....~~≈≈# #....# #~~
#....~≈≈≈# #....# #~~~
#.PP~≈######....# #~≈≈
#P.~~≈S≈~~###''###~≈≈≈
#...~@≈~~~~##..##~~~≈≈
##.P.~~≈~#####'####~~≈
#..P~~≈##~~.....###~~
#P...~###.~......~~##~
#..~###..~~.......~~##
#~## .P~~#......#.~.#
## .~~###....###~#.
~5≈~#......#~≈~. ~
≈~........~≈.#


You could see an electric eel.

Vanquished Creatures
  Sigmund (D:3)
  An ice beast (D:6)
  2 sky beasts
  2 centaurs
  2 ogres
  A phantom (D:4)
  4 scorpions
  An electric eel (D:7)
  A howler monkey (D:6)
  2 hounds
  3 orc priests
  7 iguanas
  12 orc wizards
  11 adders
  A shadow imp (D:5)
  2 white imps (D:6)
  An ufetubus (D:6)
  An adder zombie (D:2)
  2 worms
  3 dart slugs
  21 orcs
  A bat skeleton (D:2)
  8 endoplasms
  3 giant cockroaches
  8 goblins
  6 hobgoblins
  7 jackals (D:1)
  4 kobolds
  4 quokkas
  7 ball pythons
  A ball python skeleton (D:2)
  4 bats
  3 frilled lizards
  A giant cockroach zombie (D:2)
  5 rats
143 creatures vanquished.

Notes
Turn   | Place    | Note
-------+----------+-------------------------------------------
     0 | D:1      | Hubris850 the Felid Transmuter began the quest for the Orb.
     0 | D:1      | Reached XP level 1. HP: 9/9 MP: 4/4
   166 | D:1      | Reached XP level 2. HP: 12/12 MP: 6/6
   197 | D:1      | Found Icvieng's Antique Armour Boutique.
   675 | D:1      | Reached XP level 3. HP: 15/15 MP: 7/7
   840 | D:1      | Reached skill level 1 in Stealth
   840 | D:1      | Reached skill level 4 in Unarmed Combat
  1278 | D:2      | Reached XP level 4. HP: 11/19 MP: 8/8
  1289 | D:2      | Reached skill level 5 in Unarmed Combat
  1290 | D:2      | Reached XP level 5. HP: 8/22 MP: 9/9
  2406 | D:3      | Learned a level 2 spell: Wereblood
  2415 | D:3      | Found Xomurash's Armour Emporium.
  2571 | D:3      | Noticed Sigmund
  2574 | D:3      | Killed Sigmund
  2575 | D:3      | Reached skill level 1 in Evocations
  2575 | D:3      | Gained mutation: You are covered in thick fur. (AC +2)
                  | [Felid growth]
  2575 | D:3      | Reached XP level 6. HP: 25/25 MP: 10/10
  2750 | D:3      | Found a faded altar of an unknown god.
  2750 | D:3      | Found a hazy altar of Hepliaklqana.
  2752 | D:3      | Found a faded altar of an unknown god.
  3035 | D:4      | Reached skill level 6 in Unarmed Combat
  3111 | D:4      | Noticed a sky beast
  3122 | D:4      | Killed a sky beast
  3123 | D:4      | Reached XP level 7. HP: 16/28 MP: 11/11
  3227 | D:4      | Found a staircase to the Ecumenical Temple.
  3233 | Temple   | Entered the Ecumenical Temple
  3284 | Temple   | Became a worshipper of the Wu Jian Council
  3332 | D:4      | Reached skill level 5 in Dodging
  3332 | D:4      | Reached skill level 5 in Stealth
  3686 | D:5      | Entered Level 5 of the Dungeon
  3726 | D:5      | Reached skill level 7 in Unarmed Combat
  3917 | D:5      | Got the Papyrus of the Lungs
  3944 | D:5      | Slain by an orc
  3945 | D:5      | Reached XP level 6. HP: -2/25 MP: 10/10
  4022 | D:5      | Found Hkakoint's Humungous Hoard.
  4062 | D:5      | Reached XP level 7. HP: 24/28 MP: 11/11
  4409 | D:6      | Found Ewamean's General Store.
  4432 | D:6      | Reached * piety under Wu Jian
  4543 | D:6      | Reached skill level 8 in Unarmed Combat
  4570 | D:6      | Reached skill level 1 in Ice Magic
  4629 | D:6      | Learned a level 4 spell: Ice Form
  4633 | D:6      | Learned a level 3 spell: Vhi's Electric Charge
  4635 | D:6      | Learned a level 1 spell: Summon Small Mammal
  4866 | D:6      | Reached XP level 8. HP: 19/32 MP: 13/13
  4874 | D:6      | Blown up by an orc wizard
  4875 | D:6      | Reached XP level 7. HP: -3/28 MP: 12/12
  4959 | D:6      | Reached skill level 1 in Translocations
  5165 | D:6      | Reached skill level 1 in Summonings
  5165 | D:6      | Reached skill level 1 in Air Magic
  5705 | D:7      | Reached ** piety under Wu Jian
  5706 | D:7      | Reached XP level 8. HP: 32/32 MP: 14/14
  5773 | D:7      | Killed from afar by an electric eel

Illustrated notes

Levels and vault maps discovered:
D:1:      dpeg_arrival_ternary, layout_loops_corners, serial_shops,
          nicolae_shop_dealshenge, minmay_tripent
D:2:      cheibrodos_pilgrimage, layout_basic, serial_undead, serial_undead_d,
          serial_undead_d, serial_undead_f, serial_undead_e,
          minmay_misc_feat_tower
D:3:      layout_basic, nicolae_hepliaklqana_ecumenical_no_more, serial_shops,
          nicolae_shop_behind_doors, chequers_serial_rivers_micro_d,
          uniq_sigmund
D:4:      layout_cave_pools, minmay_temple_entry_enclosed_plants
D:5:      layout_rooms, nicolae_alphabet_shops, kennysheep_dice
D:6:      minmay_flawed_box, layout_loops_ring, serial_shops, shop
D:7:      wad_lake_hut, layout_gridville, hangedman_decor_lopped
Temple:   nicolae_temple_slightly_damp_pantheon

Skill      XL: |  1  2  3  4  5  6  7  8 |
---------------+-------------------------+-----
Dodging        | 3 4 6 |  6.0
Stealth        | 2 3 4 6 5 |  6.0
Unarmed Combat | 4 5 6 8 |  8.0
Evocations     | 1 2 |  2.0
Ice Magic      | 2 |  2.6
Transmutations | 4 |  4.0
Translocations | 2 |  2.0
Spellcasting   | 3 |  3.4
Summonings     | 1 2 |  2.0
Air Magic      | 1 |  1.7
Fighting       | |  1.0

Action                     |  1- 3 |  4- 6 |  7- 9 || total
---------------------------+-------+-------+-------++-------
  Melee: Unarmed           |    97 |   106 |   206 ||   409
         Bite              |     3 |     8 |    22 ||    33
         Punch             |     1 |     5 |    11 ||    17
Ability: Lunge             |       |     1 |    29 ||    30
         Whirlwind         |       |       |     9 ||     9
  Evoke: Wand              |       |     3 |       ||     3
    Use: Scroll            |       |       |     9 ||     9
         Potion            |       |       |     5 ||     5
   Stab: Sleeping          |     1 |    13 |    10 ||    24
 Armour: Skin              |     7 |     1 |     9 ||    17
  Dodge: Dodged            |    59 |    56 |   147 ||   262

Table legend: (Time is in decaauts)
 A = Elapsed time spent in this place.
 B = Non-inter-level travel time spent in this place.
 C = Inter-level travel time spent in this place.
 D = Time resting spent in this place.
 E = Time spent auto-exploring this place.
 F = Levels seen in this place.
 G = Mean time per level.
                   A        B        C        D        E       F      G
               +--------+--------+--------+--------+--------+-----+--------+
         Total |   4895 |   4764 |    131 |    675 |   2993 |   8 |  611.9 |
       Dungeon |   4836 |   4722 |    114 |    675 |   2993 |   7 |  690.9 |
        Temple |     58 |     41 |     17 |      0 |      0 |   1 |   58.0 |
               +--------+--------+--------+--------+--------+-----+--------+

Top non-repeatable levels by time:
     D:6: 1067 daAuts
     D:2: 1040 daAuts
     D:1: 976 daAuts
     D:5: 624 daAuts
     D:4: 585 daAuts
     D:3: 436 daAuts
     D:7: 105 daAuts
  Temple: 58 daAuts
